 Dungeon Crawl Stone Soup version 0.28.0-43-g3370ac3207 (webtiles) character file.

Game seed: 3142323709445265307

1015 Acheron the Chopper (level 8, -15/69 HPs)
             Began as a Minotaur Monk on Mar 24, 2022.
             Demolished by a two-headed ogre
             ... wielding a +0 giant club
              (26 damage)
             ... on level 7 of the Dungeon.
             The game lasted 00:26:11 (6040 turns).

Acheron the Chopper (Minotaur Monk)                 Turns: 6040, Time: 00:26:11

Health: -15/69     AC:  6    Str: 16    XL:     8   Next: 1%
Magic:  7/7        EV: 13    Int:  7    God:
Gold:   182        SH:  0    Dex: 15    Spells: 7/7 levels left

rFire   + . .      SeeInvis .   a - +0 hand axe
rCold   . . .      Faith    .   (no shield)
rNeg    . . .      Spirit   .   d - +1 ring mail
rPois   .          Reflect  .   (helmet restricted)
rElec   .          Harm     .   o - scarf {shadows}
rCorr   .          Rampage  .   (no gloves)
Will    .....                   (no boots)
Stlth   ++........              j - amulet of the acrobat
HPRegen 0.21/turn               m - ring of protection from fire
MPRegen 0.10/turn               (no ring)

@: no status effects
A: horns 2, retaliatory headbutt
a: no special abilities


You were on level 7 of the Dungeon.
You visited 1 branch of the dungeon, and saw 7 of its levels.

You collected 182 gold pieces.

Inventory:

Hand Weapons
 a - a +0 hand axe (weapon)
 s - a +2 trident of venom
Missiles
 f - 19 stones
 g - 4 poisoned darts (quivered)
 n - 2 throwing nets
 r - a boomerang of dispersal
Armour
 d - a +1 ring mail (worn)
 o - a scarf of shadows (worn)
Jewellery
 j - an amulet of the acrobat (around neck)
 m - a ring of protection from fire (left hand)
Wands
 l - a wand of charming (3)
Scrolls
 b - a scroll of vulnerability
 e - a scroll of identify
 p - a scroll of enchant armour
Potions
 c - 2 potions of cancellation
 h - 2 potions of lignification
 i - a potion of brilliance
 k - 3 potions of flight
 q - 2 potions of curing


   Skills:
 * Level 5.5 Fighting
 * Level 7.1 Axes
 * Level 2.2 Throwing
 * Level 3.9 Armour
 * Level 5.0 Dodging
 * Level 3.1 Stealth
 * Level 1.9 Evocations


You had 7 spell levels left.
You didn't know any spells.
Your spell library contained the following spells:

 Spells                   Type           Power      Damage    Failure   Level
 Leda's Liquefaction      Hex/Erth       0%         N/A       100%        4
 Lee's Rapid Deconstruct  Erth           0%         3d5*      100%        5
 Statue Form              Tmut/Erth      0%         N/A       100%        6


Dungeon Overview and Level Annotations

Branches:
Dungeon (7/15)
 Temple: D:4-7

Altars:
Dithmenos

Annotations:
D:1 exclusion: downstairs
D:2 exclusion: downstairs, Natasha
D:3 exclusion: downstairs
D:4 Blork the orc, Grinder, Pikel


Innate Abilities, Weirdness & Mutations

You have a pair of horns on your head.
You reflexively headbutt those who attack you in melee.


Message History

You see here a +2 trident of venom.
s - a +2 trident of venom
Found a falchion.
You now have 165 gold pieces (gained 5).
Found a stone staircase leading down.
h - 2 potions of lignification (gained 1)
There is a stone staircase leading down here.
You climb downwards.
Found 17 gold pieces.
There is a stone staircase leading up here.
You now have 177 gold pieces (gained 12).
You now have 182 gold pieces (gained 5).
A two-headed ogre comes into view.
It is wielding a +0 giant club and a +0 giant spiked club.
A centaur comes into view.
The centaur moves out of view.
The two-headed ogre hits you with a +0 giant club!!
The two-headed ogre completely misses you.
There is a stone staircase leading up, spattered with blood here.
Okay, then.
There is a stone staircase leading up here.
The steam dragon hisses angrily.
A necrophage comes into view.
The centaur shouts!
The centaur wields a +0 shortbow.
The centaur shoots an arrow.
The arrow hits you!
The centaur shoots an arrow.
The arrow hits you!
Aiming: Charm
Press: ? - help, Shift-Dir - straight line, f - centaur
Aim: a centaur, wielding a +0 shortbow and quivering arrows (chance to affect: 53%)
The centaur resists with significant effort.
The two-headed ogre hits you with a +0 giant club!!
* * * LOW HITPOINT WARNING * * *
The two-headed ogre barely misses you.
The centaur shoots an arrow.
The arrow hits you.
* * * LOW HITPOINT WARNING * * *
The centaur shoots an arrow.
The arrow misses you.
There is a stone staircase leading up, spattered with blood here.
The centaur shoots an arrow.
The arrow misses you.
The two-headed ogre hits you with a +0 giant club!!
You die...

..######<...........
..........#.#.#.#.#.##
.......##............#
.......####.#.#.#.#.#
.....................#
#########.#.#.#.#.#.#.
#...........
#D#O#.#.#.#.#
#.@..cn.......
#.#.#.#.#.#.#.
#............
#.#.#.#.#.#n
#..........
###.#.#.#.# #.........
##.#.#.#.# #####


You could see a two-headed ogre, a steam dragon, a necrophage and a centaur.

Vanquished Creatures
  A water moccasin (D:6)
  An orc warrior (D:5)
  2 ogres (D:5)
  A necrophage (D:5)
  2 phantoms (D:5)
  A scorpion (D:6)
  A jelly (D:5)
  A centaur skeleton (D:5)
  3 iguanas
  Natasha (D:2)
  Robin (D:2)
  6 adders
  4 gnolls
  A shadow imp (D:6)
  An adder skeleton (D:4)
  3 worms
  A dart slug (D:1)
  9 orcs
  3 endoplasms
  3 giant cockroaches (D:1)
  12 goblins
  8 hobgoblins
  2 jackals
  2 quokkas
  5 ball pythons
  4 bats
  6 frilled lizards
  5 kobolds
  7 rats
97 creatures vanquished.

Vanquished Creatures (others)
  An adder (D:5)
1 creature vanquished.

Grand Total: 98 creatures vanquished

Notes
Turn   | Place    | Note
-------+----------+-------------------------------------------
     0 | D:1      | Acheron the Minotaur Monk began the quest for the Orb.
     0 | D:1      | Reached XP level 1. HP: 19/19 MP: 0/0
    74 | D:2      | Noticed Natasha
   157 | D:1      | Reached XP level 2. HP: 27/27 MP: 1/1
   289 | D:1      | Reached skill level 4 in Axes
   591 | D:2      | Noticed Robin
  1052 | D:2      | Reached XP level 3. HP: 17/33 MP: 2/2
  1233 | D:2      | Killed Robin
  1582 | D:2      | Reached XP level 4. HP: 40/40 MP: 3/3
  1590 | D:2      | Found a faded altar of an unknown god.
  2383 | D:2      | Killed Natasha
  3035 | D:2      | Reached XP level 5. HP: 30/47 MP: 4/4
  3078 | D:2      | Noticed Natasha
  3170 | D:1      | Reached skill level 5 in Axes
  3352 | D:4      | Noticed Blork the orc
  3549 | D:5      | Entered Level 5 of the Dungeon
  3578 | D:5      | Noticed an ogre
  3643 | D:4      | Noticed a lemure
  3644 | D:4      | Noticed a lemure
  3645 | D:4      | Noticed a lemure
  3646 | D:4      | Noticed Pikel
  3647 | D:4      | Noticed a lemure
  3707 | D:5      | Killed an ogre
  3708 | D:5      | Reached skill level 1 in Armour
  3794 | D:5      | Reached XP level 6. HP: 55/55 MP: 5/5
  3869 | D:5      | Reached skill level 1 in Throwing
  4009 | D:4      | Noticed Grinder
  4131 | D:5      | Reached skill level 5 in Fighting
  4131 | D:5      | Reached skill level 6 in Axes
  4131 | D:5      | Reached skill level 1 in Evocations
  4199 | D:5      | Reached XP level 7. HP: 61/61 MP: 6/6
  5133 | D:7      | Noticed a wyvern
  5135 | D:7      | Noticed a steam dragon
  5596 | D:6      | Found a shadowy altar of Dithmenos.
  5627 | D:6      | Reached skill level 7 in Axes
  5627 | D:6      | Reached skill level 5 in Dodging
  5637 | D:6      | Reached XP level 8. HP: 17/69 MP: 7/7
  6011 | D:7      | Noticed a two-headed ogre
  6040 | D:7      | Demolished by a two-headed ogre

Illustrated notes

Levels and vault maps discovered:
D:1:      lemuel_arrival_river_bridge, layout_rooms, moated_statue
D:2:      layout_rooms, ebering_ecumenical_altar_abandoned,
          minmay_misc_feat_five, uniq_robin, uniq_natasha
D:3:      layout_basic, pf_guarded_unrand_woodcutter
D:4:      layout_basic, uniq_blork_the_orc, uniq_grinder, uniq_pikel
D:5:      layout_cave_pools, lemuel_flame_loot_1
D:6:      layout_cave_pools, mainiacjoe_overflow_concentric_impassable,
          mainiacjoe_overflow_tiny_flanked, minmay_temple_entry_enclosed_plants
D:7:      layout_rooms, chequers_temple_overflow_statue_of_worship,
          st_stairs_11, minmay_increasing_density

Skill      XL: |  1  2  3  4  5  6  7 |
---------------+----------------------+-----
Axes           | 4 5 6 7 |  7.1
Fighting       | 4 5 |  5.5
Stealth        | 2 3 |  3.1
Dodging        | 4 5 |  5.0
Armour         | 1 2 3 |  3.9
Throwing       | 1 2 |  2.2
Evocations     | 1 |  1.9

Action                   |  1- 3 |  4- 6 |  7- 9 || total
-------------------------+-------+-------+-------++-------
Melee: Hand axe          |    63 |   124 |    92 ||   279
       Headbutt          |    12 |    25 |    24 ||    61
       Punch             |       |       |     2 ||     2
Throw: Dart              |       |     6 |     1 ||     7
Evoke: Wand              |       |       |     2 ||     2
  Use: Scroll            |       |    12 |     1 ||    13
       Potion            |       |     3 |       ||     3
 Stab: Sleeping          |     5 |     3 |       ||     8
Armor: Robe              |     5 |     2 |       ||     7
       Ring mail         |       |    25 |    17 ||    42
Dodge: Dodged            |    52 |    86 |    56 ||   194
